Map: New Repugnancy LE

Players

TLO

  • Race: Zerg Zerg
  • Spawn Location: 7:00

aLive - Winner!

  • Race: Terran Terran
  • Spawn Location: 1:00

Event: IEM Season 13: Katowice (2019)

VOD

Have the link to the VOD?

Description

Time

  • Played on: Feb. 25, 2019, 9:17 a.m.
  • Length: 12:13

All games in this series

Show
View Real Time Build Order
Export as new Build Order

TLO Zerg 

Build Orders: Pool First 

Get SALT Encoding   

  12  0:00  Drone  
  13  0:12  Overlord  
  13  0:16  Drone  
  14  0:31  Drone x2  
  16  0:40  Spawning Pool  
  15  0:44  Drone  
  15  0:47  Drone  
  17  0:56  Drone  
  18  1:04  Extractor  
  17  1:14  Hatchery  
  16  1:27  Zergling x4  
  18  1:34  Roach Warren  
  18  1:38  Drone  
  18  1:50  Queen  
  20  2:09  Overlord  
  20  2:13  Roach  
  21  2:26  Roach  
  21  2:27  Roach x2  
  27  2:33  Roach  
  29  2:43  Ravager  
  29  2:45  Drone x2  
  29  2:47  Drone  
  32  2:54  Drone  
  32  2:57  Queen  
  35  3:04  Overlord  
  35  3:09  Ravager  
  36  3:12  Overlord  
  36  3:24  Drone x4  
  40  3:30  Drone  
  40  3:32  Drone  
  42  3:35  Drone  
  42  3:38  Drone  
  41  3:45  Metabolic Boost  
  39  3:49  Drone x2  
  39  3:56  Drone  
  39  3:57  Drone  
  39  4:07  Drone  
  40  4:13  Drone, Hatchery  
  40  4:16  Drone  
  41  4:17  Drone  
  41  4:18  Drone  
  43  4:24  Overlord  
  43  4:25  Drone  
  43  4:26  Zergling x2  
  43  4:29  Overlord  
  45  4:33  Overlord  
  45  4:37  Spore Crawler  
  44  4:41  Overlord  
  44  4:42  Zergling x4  
  44  4:43  Zergling x2  
  47  4:46  Zergling x2  
  47  4:49  Spore Crawler  
  47  4:50  Zergling x2  
  47  4:52  Zergling x2  
  49  4:55  Overlord  
  49  4:59  Queen  
  49  5:02  Zergling x2  
  49  5:04  Zergling x2  
  53  5:10  Zergling x2  
  53  5:11  Drone  
  53  5:14  Drone  
  55  5:15  Drone  
  55  5:16  Spore Crawler, Drone  
  55  5:18  Drone x2  
  58  5:23  Evolution Chamber  
  58  5:24  Drone  
  58  5:25  Drone  
  58  5:26  Drone  
  59  5:29  Drone  
  59  5:32  Baneling Nest  
  59  5:34  Drone  
  60  5:36  Drone  
  60  5:40  Drone  
  60  5:41  Evolution Chamber  
  61  5:43  Extractor, Drone  
  61  5:44  Drone  
  61  5:46  Drone  
  61  5:49  Drone x2  
  65  5:50  Drone  
  65  5:52  Drone  
  65  5:55  Drone  
  68  5:59  Drone, Zerg Ground Armor Level 1  
  68  6:02  Drone x2  
  71  6:05  Overlord  
  71  6:06  Zergling x2  
  71  6:09  Queen  
  74  6:13  Zerg Melee Weapons Level 1  
  74  6:14  Drone  
  74  6:15  Drone  
  74  6:17  Drone  
  78  6:18  Extractor, Drone  
  78  6:20  Overlord  
  78  6:22  Zergling x2  
  78  6:23  Zergling x2  
  78  6:25  Drone  
  80  6:26  Drone  
  80  6:32  Zergling x2  
  81  6:33  Drone  
  81  6:34  Zergling x4  
  81  6:35  Zergling x2  
  81  6:37  Zergling x2  
  83  6:41  Zergling x6  
  83  6:42  Zergling x2  
  83  6:43  Zergling x2  
  83  6:45  Drone  
  81  6:47  Drone  
  81  6:48  Drone  
  81  6:50  Drone  
  81  6:51  Zergling x4  
  86  6:55  Lair  
  86  6:57  Zergling x2  
  86  6:59  Zergling x2  
  86  7:00  Zergling x2  
  86  7:01  Drone  
  90  7:02  Drone  
  90  7:05  Queen  
  90  7:07  Zergling x2  
  94  7:09  Zergling x2  
  94  7:11  Drone  
  96  7:20  Drone  
  97  7:27  Overlord  
  97  7:37  Zergling x2  
  89  7:39  Zergling x4  
  89  7:40  Zergling x6  
  89  7:41  Zergling x2  
  89  7:42  Zergling x2  
  89  7:43  Zergling x2, Hatchery  
  86  7:46  Zergling x2  
  86  7:50  Zergling x2  
  86  7:51  Extractor, Zergling x2  
  87  7:53  Centrifical Hooks, Zergling x2, Zerg Ground Armor Level 2  
  87  7:55  Zergling x4  
  91  7:58  Zergling x2  
  91  8:01  Drone  
  91  8:02  Drone  
  94  8:07  Zerg Melee Weapons Level 2  
  94  8:10  Drone  
  94  8:11  Drone x2  
  94  8:12  Extractor  
  96  8:14  Extractor  
  96  8:15  Zergling x2  
  96  8:18  Zergling x4  
  96  8:19  Zergling x2, Baneling x4  
  99  8:21  Zergling x2  
  99  8:22  Zergling x2  
  99  8:24  Zergling x2  
  99  8:26  Zergling x6  
  101  8:28  Zergling x2  
  101  8:29  Zergling x2  
  87  8:35  Queen x2  
  87  8:37  Zergling x2  
  87  8:39  Zergling x2  
  87  8:40  Zergling x4  
  84  8:42  Zergling x2  
  84  8:45  Zergling x2  
  83  8:48  Zergling x2  
  83  8:50  Zergling x4  
  83  8:51  Zergling x4  
  83  8:53  Queen  
  88  8:58  Zergling x2  
  88  9:01  Zergling x2  
  84  9:03  Zergling x2  
  84  9:06  Zergling x2  
  84  9:07  Zergling x2  
  84  9:09  Zergling x2  
  88  9:10  Drone  
  88  9:11  Queen  
  88  9:15  Zergling x2  
  92  9:17  Baneling x9  
  92  9:18  Zergling x2  
  92  9:20  Zergling x2  
  92  9:24  Zergling x4  
  96  9:28  Zergling x2  
  97  9:32  Zergling x4  
  97  9:33  Zergling x2  
  97  9:36  Queen x2  
  97  9:38  Zergling x2  
  97  9:42  Queen  
  95  9:51  Overlord  
  95  9:53  Drone x4  
  95  9:54  Spire, Drone  
  95  9:56  Zergling x2  
  95  9:58  Zergling x2  
  96  10:01  Zergling x4  
  96  10:02  Zergling x2  
  96  10:03  Zergling x2  
  96  10:05  Zergling x2  
  101  10:09  Zergling x2  
  101  10:10  Zergling x2  
  101  10:12  Zergling x2  
  104  10:16  Overlord x3  
  104  10:23  Overlord x2, Baneling x2  
  103  10:32  Overlord x2  
  103  10:39  Extractor  
  103  10:41  Extractor  
  91  11:06  Mutalisk  
  91  11:07  Mutalisk x9  
  91  11:09  Zergling x4, Hatchery  
  91  11:10  Zergling x2  
  113  11:12  Mutalisk  
  113  11:15  Baneling x3  
  113  11:16  Zergling x2  
  116  11:19  Mutalisk  
  116  11:21  Mutalisk  
  116  11:23  Zergling x2  
  121  11:26  Mutalisk  
  121  11:28  Zergling x2  
  121  11:30  Mutalisk  
  120  11:33  Zergling x4  
  120  11:34  Zergling x2  
  120  11:37  Zergling x4  
  120  11:39  Zergling x2  
  125  11:44  Mutalisk  
  125  11:45  Mutalisk  
  126  11:47  Zergling x4  
  126  11:48  Zergling x2  
  126  11:49  Mutalisk  
  126  11:50  Roach, Zergling x2  
Show
View Real Time Build Order
Export as new Build Order

aLive Terran - Winner!

Build Orders: Reaper Expand 

Get SALT Encoding   

  12  0:00  SCV  
  13  0:12  SCV  
  14  0:17  Supply Depot  
  14  0:24  SCV  
  15  0:38  SCV  
  15  0:41  Barracks  
  16  0:44  Refinery  
  16  0:50  SCV  
  17  1:02  SCV  
  18  1:15  SCV  
  19  1:28  Reaper, Orbital Command  
  20  1:39  Command Center  
  20  1:51  Supply Depot  
  20  1:54  SCV  
  21  2:00  Marine  
  22  2:06  SCV  
  23  2:09  Factory  
  23  2:12  Refinery  
  23  2:18  SCV  
  23  2:21  Barracks Reactor  
  24  2:33  SCV  
  25  2:44  Bunker  
  25  2:45  SCV  
  26  2:54  Factory Tech Lab  
  26  2:57  SCV, Marine  
  26  2:58  Marine  
  29  3:00  Orbital Command  
  29  3:10  SCV  
  29  3:12  Cyclone  
  33  3:15  Marine  
  33  3:16  Marine  
  35  3:22  SCV  
  35  3:23  Supply Depot  
  36  3:27  SCV  
  36  3:32  Marine  
  36  3:33  Marine  
  38  3:39  SCV  
  38  3:40  SCV  
  36  3:44  Siege Tank  
  38  3:51  SCV  
  38  3:52  SCV  
  42  4:03  Starport  
  42  4:05  SCV  
  42  4:06  SCV  
  42  4:13  Supply Depot  
  42  4:20  SCV x2  
  43  4:28  Siege Tank  
  46  4:32  SCV x2  
  46  4:35  Supply Depot  
  48  4:40  Medivac, Marine x2  
  48  4:45  SCV x2  
  54  4:53  Command Center  
  54  4:56  Liberator  
  54  4:57  SCV x2  
  54  4:59  Marine x2  
  58  5:10  Supply Depot  
  58  5:11  SCV  
  58  5:12  SCV  
  58  5:14  Siege Tank  
  63  5:22  Bunker  
  63  5:24  SCV x2  
  63  5:25  Marine x2  
  67  5:34  Barracks  
  67  5:35  Barracks  
  67  5:43  Liberator, SCV x2  
  67  5:44  Refinery x2  
  71  6:01  SCV  
  71  6:02  SCV  
  74  6:06  Factory Tech Lab  
  74  6:07  Engineering Bay  
  74  6:08  Engineering Bay, Supply Depot, Marine  
  75  6:14  Orbital Command  
  75  6:17  Stimpack  
  75  6:23  Supply Depot  
  75  6:27  Barracks Reactor  
  75  6:28  SCV x2  
  75  6:31  Marine  
  75  6:32  Siege Tank  
  81  6:37  Terran Infantry Weapons Level 1  
  81  6:46  Starport Reactor, Orbital Command  
  77  6:49  SCV  
  77  6:50  SCV  
  76  6:58  Marine x3  
  76  6:59  Barracks  
  76  7:00  Barracks  
  79  7:04  Siege Tank, SCV x2  
  79  7:07  Supply Depot x2  
  84  7:09  Marine x2  
  84  7:15  SCV  
  87  7:16  SCV x2, Marine x3  
  92  7:25  Armory  
  92  7:27  SCV, Marine x2  
  92  7:28  SCV x2, Supply Depot  
  92  7:29  Medivac  
  64  7:30  Medivac  
  99  7:34  Marine x2  
  99  7:36  Supply Depot  
  103  7:39  SCV  
  103  7:40  SCV x2  
  103  7:44  Siege Tank, Marine  
  96  7:48  Barracks Reactor x2  
  100  7:51  SCV  
  100  7:52  SCV x2, Marine x3  
  100  7:53  Marine  
  107  8:01  Marine  
  107  8:03  SCV  
  107  8:04  SCV x2  
  111  8:06  Refinery  
  111  8:09  Supply Depot  
  111  8:10  Supply Depot  
  111  8:11  Marine  
  111  8:12  Marine x3  
  115  8:15  SCV  
  115  8:16  Terran Infantry Armor Level 1, SCV x2  
  115  8:18  Combat Shield  
  115  8:19  Marine  
  118  8:21  Medivac x2  
  123  8:27  SCV  
  123  8:28  SCV x2  
  123  8:31  Terran Infantry Weapons Level 2  
  122  8:40  Marine x9  
  134  8:41  Siege Tank  
  133  8:51  Refinery  
  128  8:56  Command Center  
  128  8:59  Supply Depot  
  128  9:00  Supply Depot  
  117  9:06  Barracks  
  117  9:07  Barracks, Marine  
  117  9:08  Barracks, Marine x8  
  119  9:14  Siege Tank  
  122  9:17  Drilling Claws  
  122  9:18  Factory  
  122  9:24  Terran Vehicle Weapons Level 1  
  122  9:29  SCV x3  
  125  9:33  Marine x7  
  125  9:37  Concussive Shells  
  124  9:43  SCV x3  
  127  9:46  Marauder  
  127  9:51  Medivac x2  
  133  9:53  Widow Mine  
  133  9:59  Sensor Tower  
  135  10:02  Marine x7  
  135  10:03  Marine  
  135  10:04  Barracks Tech Lab x2, Barracks Reactor  
  135  10:05  SCV x3  
  144  10:09  Planetary Fortress  
  144  10:10  Supply Depot  
  144  10:18  Marauder  
  144  10:19  Factory Reactor  
  146  10:30  Marauder, Marine x8  
  146  10:32  Marauder  
  146  10:33  Widow Mine  
  160  10:37  Medivac x2  
  160  10:41  Marauder  
  160  10:42  Marine x2  
  168  10:48  Marine x2  
  170  10:52  Marauder  
  170  10:54  Marauder  
  165  10:58  Marine x6  
  165  10:59  Marine  
  165  11:00  Marine  
  165  11:03  Marauder  
  175  11:05  Marine  
  175  11:06  Marine  
  177  11:13  Marauder  
  177  11:15  Marauder  
  177  11:16  Command Center  
  181  11:18  Marine  
  181  11:19  Marine x7  
  181  11:23  Marine  
  181  11:24  Marauder, Marine  
  193  11:26  Medivac  
  193  11:29  Supply Depot  
  195  11:43  Widow Mine  
  195  11:45  Marauder  
  195  11:46  Widow Mine  
  196  11:47  Widow Mine  
  196  11:50  Marine x3  
  196  11:51  Marauder  
  200  11:55  Marine x2  

Tags
 
Add a new tag
Caveats
  • Supply blocks, unpowered buildings, or Contaminate may cause inaccurate times.
  • Supply counts are checked every 10 seconds.